 Dungeon Crawl Stone Soup version 0.22-a0-392-g5dc3fd9af9 (webtiles) character file.

17 D1HalberdGnoll the Chiller (level 2, -4/20 HPs)
             Began as a Demonspawn Ice Elementalist on May 1, 2018.
             Slain by a worm (11 damage)
             ... on level 2 of the Dungeon.
             The game lasted 00:01:10 (1220 turns).

D1HalberdGnoll the Chiller (DsIE)                   Turns: 1220, Time: 00:01:11

Health: -4/20      AC:  3    Str:  8    XL:     2   Next: 44%
Magic:  0/5        EV: 11    Int: 16    God:
Gold:   27         SH:  3    Dex: 13    Spells: 4/5 levels left

rFire    . . .     SeeInvis .   f - +0 whip
rCold    . . .     Gourm    .   h - +0 buckler
rNeg     . . .     Faith    .   a - +0 robe
rPois    .         Spirit   .   (no helmet)
rElec    .         Reflect  .   (no cloak)
rCorr    .         Harm     .   e - +0 pair of gloves
MR       .....                  (no boots)
Stlth    ++........             (no amulet)
HPRegen  0.06/turn              (no ring)
MPRegen  0.09/turn              (no ring)

@: very slightly contaminated
A: demonic guardian 1
a: no special abilities


You were on level 2 of the Dungeon.
You were not hungry.

You visited 1 branch of the dungeon, and saw 2 of its levels.

You collected 27 gold pieces.

Inventory:

Hand Weapons
 f - a +0 whip (weapon)
Armour
 a - a +0 robe (worn)
 e - a +0 pair of gloves (worn)
 h - a +0 buckler (worn)
Scrolls
 b - a scroll of enchant weapon {unknown}
 d - 2 scrolls of identify {unknown}
 i - a scroll of magic mapping {unknown}
Comestibles
 c - 2 rations
 g - a chunk of flesh


   Skills:
 + Level 0.7 Fighting
 - Level 2.0 Dodging
 - Level 1.7 Stealth
 + Level 0.1 Shields
 + Level 2.2 Spellcasting
   Level 1.0 Conjurations
 * Level 3.0 Ice Magic


You had 4 spell levels left.
You knew the following spells:

 Your Spells              Type           Power        Failure   Level  Hunger
a - Freeze                Ice            ##..         10%         1    #......


Dungeon Overview and Level Annotations

Branches:
Dungeon (2/15)

Altars:


Innate Abilities, Weirdness & Mutations

A weak demonic guardian rushes to your aid.


Message History

Confirm with . or Enter, or press ? or * to list all spells.
Aiming: Freeze (safe; 10% risk of failure)
Press: ? - help, Shift-Dir - straight line, f/p - worm
Aim: a worm (heavily wounded)
You freeze the worm.
The worm is almost dead.
The worm bites you.
You barely miss the worm.
The worm is almost dead.
The worm bites you but does no damage.
You hit the worm.
The worm is almost dead.
You hit the worm but do no damage.
The worm is almost dead.
You block the worm's attack.
You hit the worm.
The worm is almost dead.
The worm bites you!
Ouch! That really hurt!
You die...

#.# #.#
###.## #....
#.#.#
#.###.#.#
#.......###
#...w@...#
#.##.###.#
#.##.# #.#
#.#.# ##.#
#..###.#.#
#<#.#.##.#
#...†....#
#####....####
##........+


You could see a worm.

Vanquished Creatures
  A goblin (D:1)
  A hobgoblin (D:1)
  7 jackals
  2 bats (D:1)
  A frilled lizard (D:1)
  2 kobolds (D:1)
  A rat (D:2)
15 creatures vanquished.

Notes
Turn   | Place    | Note
-------+----------+-------------------------------------------
     0 | D:1      | D1HalberdGnoll the Demonspawn Ice Elementalist began the quest for the Orb.
     0 | D:1      | Reached XP level 1. HP: 13/13 MP: 3/3
   593 | D:1      | Gained mutation: A weak demonic guardian rushes to your aid. [demonic ancestry]
   593 | D:1      | Reached XP level 2. HP: 18/20 MP: 0/5
   605 | D:1      | Reached skill level 3 in Ice Magic
  1220 | D:2      | Slain by a worm

Vault maps used:
D:1:      eino_arrival_water_cross
D:2:      corexii_shack

Skill      XL: |  1  2 |
---------------+-------+-----
Dodging        | 2 |  2.0
Ice Magic      | 3 |  3.0
Fighting       | |  0.7
Stealth        | |  1.7
Shields        | |  0.1
Spellcasting   | |  2.2
Conjurations   | |  1.0

Action                   || total
-------------------------++-------
Melee: Club              ||     2
       Whip              ||    23
 Cast: Freeze            ||    22
 Stab: Sleeping          ||     1
  Eat: Chunk             ||     1
Armor: Robe              ||    11
Dodge: Dodged            ||    23
Block: Buckler           ||     2

Table legend:
 A = Spawn XP
 B = Non-spawn XP
 C = Spawn XP percentage of total XP
 D = Spawn monster count
 E = Non-spawn monster count
 F = Spawn count percentage of total count
 G = Total turns spent on level
                    A         B        C        D         E        F      G
               +---------+---------+-------+---------+---------+-------+---------
         Total |       0 |      25 |   0.0 |       0 |      15 |   0.0 |  1220
               +---------+---------+-------+---------+---------+-------+---------
           D:1 |       0 |      16 |   0.0 |       0 |      10 |   0.0 |  1120
           D:2 |       0 |       9 |   0.0 |       0 |       5 |   0.0 |   100
               +---------+---------+-------+---------+---------+-------+---------
